 Dungeon Crawl Stone Soup version 0.18-a0-1211-g828307d (webtiles) character file.

459 George the Carver (level 6, -4/51 HPs)
             Began as a Minotaur Fighter on Feb 2, 2016.
             Slain by a giant frog (6 damage)
             ... in a sewer.
             The game lasted 00:06:42 (2731 turns).

George the Carver (Minotaur Fighter)                Turns: 2731, Time: 00:06:43

Health: -4/51      AC:  9    Str: 22    XL:     6   Next: 78%
Magic:  0/5        EV:  2    Int:  5    God:
Gold:   127        SH:  9    Dex: 10    Spells: 0 memorised, 5 levels left

rFire  . . .     SeeInvis .     a - +1 long sword
rCold  . . .     Gourm    .     l - +0 chain mail
rNeg   . . .     Faith    .     c - +0 shield
rPois  .         Spirit   +     (helmet restricted)
rElec  .         Dismiss  .     (no cloak)
rCorr  .         Reflect  .     (no gloves)
SustAt .         Harm     .     (no boots)
MR     .....                    y - amulet of guardian spirit
Stlth  ..........               (no ring)
                                (no ring)

@: lethally poisoned (-4 -> -6), constricted, not resistant to hostile
enchantments, extremely unstealthy
A: retaliatory headbutt, horns 2
a: no special abilities


You were in a sewer.
You were not hungry.

You visited 1 branch of the dungeon, and saw 4 of its levels.
You also visited: Sewer.

You collected 127 gold pieces.

Inventory:

Hand Weapons
 a - a +1 long sword (weapon)
Armour
 c - a +0 shield (worn)
 l - a +0 chain mail (worn)
Jewellery
 y - an amulet of guardian spirit (around neck)
Scrolls
 p - a scroll of enchant weapon
 w - a scroll of immolation
 A - a scroll of teleportation
 B - a scroll of blinking
 C - 2 scrolls of fear {unknown}
Potions
 d - a potion of might
 h - a potion of cure mutation
 i - a potion of mutation {unknown}
 m - a potion of haste {unknown}
 q - a potion of resistance {unknown}
 r - 2 potions of curing {unknown}
 t - 3 potions of heal wounds {unknown}
 x - 2 potions of flight {unknown}
 D - 2 potions of magic {unknown}
 E - a potion of brilliance {unknown}
Comestibles
 f - 2 bread rations
 k - 2 meat rations
 z - 2 beef jerkies
 F - a chunk of flesh


   Skills:
 - Level 3.6 Fighting
 + Level 8.9 Long Blades
 - Level 3.6 Armour
 - Level 3.6 Shields


You had 5 spell levels left.
You didn't know any spells.

Dungeon Overview and Level Annotations

Branches:
Dungeon (4/15)
 Temple: D:4-7

Altars:
Dithmenos
Pakellas
Qazlal
Trog


Innate Abilities, Weirdness & Mutations

You reflexively headbutt those who attack you in melee.
You have a pair of horns on your head.


Message History

The ball python bites you but does no damage.
The ball python grabs you.
* * * LOW HITPOINT WARNING * * *
The ball python constricts you. The adder bites you.
* * * LOW HITPOINT WARNING * * *
The giant frog hits you but does no damage.
You escape the ball python's grasp.
You feel sick. The giant frog barely misses you.
You block the ball python's attack. The ball python grabs you.
The ball python constricts you. The giant frog hits you.
* * * LOW HITPOINT WARNING * * *
The giant frog hits you.
* * * LOW HITPOINT WARNING * * *
The adder bites you but does no damage.
The ball python bites you but does no damage.
The ball python constricts you. The adder bites you but does no damage.
The giant frog hits you.
* * * LOW HITPOINT WARNING * * *
The giant frog hits you.
You die...

#....##### #....##..#
#.....'..# ##....####
#.....#####################+#
#.......≈≈≈≈≈≈≈≈≈≈≈≈≈≈≈≈....#
##......≈≈≈≈≈≈≈S≈≈≈≈≈≈≈≈≈....
#......≈≈≈≈≈≈≈SS≈≈≈≈≈≈≈.....
##.....÷≈≈≈≈≈≈@FS≈≈≈≈≈≈.....
##....≈≈≈≈≈≈≈SF≈≈≈≈≈≈≈.....
###.≈≈≈≈≈≈≈≈≈≈≈≈≈≈≈≈≈....#
########################


You could see 2 giant frogs, 2 adders and 3 ball pythons.

Vanquished Creatures
  The ghost of namelastname112 the Insei, an amateur TeMo (Sewer)
  An orc wizard (D:3)
  2 worker ants (D:4)
  12 adders
  4 river rats
  2 oozes
  A worm (D:3)
  2 giant geckos
  13 orcs
  2 giant cockroaches (D:1)
  6 goblins
  7 hobgoblins
  A quokka (D:2)
  11 ball pythons (Sewer)
  9 bats
  3 giant newts
  10 kobolds
  29 rats
116 creatures vanquished.

Notes
Turn   | Place    | Note
--------------------------------------------------------------
     0 | D:1      | George the Minotaur Fighter began the quest for the Orb.
     0 | D:1      | Reached XP level 1. HP: 19/19 MP: 0/0
   191 | D:1      | Reached XP level 2. HP: 26/26 MP: 1/1
   728 | D:2      | Reached skill level 4 in Long Blades
   728 | D:2      | Reached XP level 3. HP: 21/31 MP: 2/2
   958 | D:2      | Reached skill level 5 in Long Blades
  1105 | D:2      | Reached XP level 4. HP: 26/39 MP: 3/3
  1275 | D:3      | Found a bloodstained altar of Trog.
  1290 | D:3      | Reached skill level 6 in Long Blades
  1612 | D:3      | Found an oddly glowing altar of Pakellas.
  1616 | D:3      | Reached XP level 5. HP: 39/45 MP: 4/4
  1851 | D:3      | Found a shadowy altar of Dithmenos.
  1882 | D:4      | Reached skill level 7 in Long Blades
  1979 | D:4      | Found a stormy altar of Qazlal.
  2104 | D:4      | Found a glowing drain.
  2108 | Sewer    | Entered a sewer
  2232 | Sewer    | Reached XP level 6. HP: 51/51 MP: 3/5
  2260 | Sewer    | Noticed namelastname112's ghost (amateur TeMo)
  2305 | Sewer    | Killed namelastname112's ghost
  2305 | Sewer    | Reached skill level 8 in Long Blades
  2731 | Sewer    | HP: 2/51 [giant frog (2)]
  2731 | Sewer    | Slain by a giant frog

Vault maps used:
D:1:      dpeg_arrival_castle, minmay_misc_feat_diagonals
D:3:      lemuel_crystal_altar, nicolae_dithmenos_through_a_glass_darkly,
          overflow_temple_1_default
D:4:      grunt_qazlal_clouds, gup_sewer_entry_bowl,
          nicolae_ru_great_annihilating_truth, uniq_blork_the_orc
Sewer:    sewer_minmay_w

Action                   |  1- 3 |  4- 6 || total
-------------------------+-------+-------++-------
Melee: Long sword        |    83 |   242 ||   325
  Use: Scroll            |       |     9 ||     9
       Potion            |       |     1 ||     1
  Eat: Chunk             |       |     7 ||     7
